 Dungeon Crawl Stone Soup version 0.18-a0-1347-gb9e2fb4 (webtiles) character file.

366 M4edhros the Insei (level 6, -3/47 HPs)
             Began as a Mummy Monk on Feb 17, 2016.
             Slain by a hound (4 damage)
             ... on level 5 of the Dungeon.
             The game lasted 00:11:09 (9916 turns).

M4edhros the Insei (Mummy Monk)                     Turns: 9916, Time: 00:11:09

Health: -3/47      AC:  3    Str: 14    XL:     6   Next: 40%
Magic:  6/6        EV: 13    Int:  9    God:
Gold:   223        SH:  0    Dex: 17    Spells: 0 memorised, 5 levels left

rFire  x . .     SeeInvis .       - Unarmed
rCold  + . .     Gourm    .     (no armour)
rNeg   + + +     Faith    .     (no shield)
rPois  ∞         Spirit   .     (no helmet)
rElec  .         Dismiss  .     (no cloak)
rCorr  .         Reflect  .     b - +1 pair of gloves
SustAt .         Harm     .     i - +0 pair of boots
MR     .....                    (no amulet)
Stlth  +++.......               (no ring)
                                d - ring of stealth

@: silence, not resistant to hostile enchantments, fairly stealthy
A: no food or potions, fire vulnerability, cold resistance 1, negative energy
resistance 3, torment resistance, unbreathing
a: no special abilities


You were on level 5 of the Dungeon.
You were not hungry.

You visited 1 branch of the dungeon, and saw 6 of its levels.

You collected 223 gold pieces.

Inventory:

Missiles
 a - 47 arrows (quivered)
 h - 18 bolts
Armour
 b - a +1 pair of gloves (worn)
 i - a +0 pair of boots (worn)
Jewellery
 c - an uncursed ring of ice
 d - a ring of stealth (left hand)
Wands
 k - a wand of slowing (23/48)
Scrolls
 e - a scroll of noise {unknown}
 f - 3 scrolls of remove curse
 g - a scroll of immolation
 l - 2 scrolls of random uselessness
Books
 n - a book of Death

   Spells                             Type                      Level
   a - Corpse Rot                     Necromancy                   2
   b - Sublimation of Blood           Necromancy                   2
   c - Agony                          Necromancy                   5
   d - Dispel Undead                  Necromancy                   5
   e - Excruciating Wounds            Charms/Necromancy            5
   f - Bolt of Draining               Conjuration/Necromancy       5
Comestibles
 j - 3 bread rations
 o - a beef jerky


   Skills:
 - Level 3.0 Fighting
 - Level 2.4 Dodging
 + Level 3.5 Stealth
 * Level 5.7 Unarmed Combat


You had 5 spell levels left.
You didn't know any spells.

Dungeon Overview and Level Annotations

Branches:
Dungeon (6/15)             Temple (0/1) D:5

Altars:
Cheibriados

Annotations:
D:4 exclusion: ogre


Innate Abilities, Weirdness & Mutations

You do not eat or drink.
Your flesh is vulnerable to fire.
You are immune to poison.
Your flesh is cold resistant.
You are immune to negative energy.
You are immune to unholy pain and torment.
You can survive without breathing.


Message History

A profound silence engulfs you.
It was a scroll of silence.
The centaur unwields an uncursed shortbow.
The centaur wields a battleaxe.
The centaur barely misses you.
Read which item? (? for menu, Esc to quit)
Okay, then.
The centaur unwields an uncursed battleaxe.
The centaur wields an uncursed shortbow.
The centaur shoots an arrow.
The arrow hits you.
* * * LOW HITPOINT WARNING * * *
You see here an arrow.
The centaur shoots an arrow.
The arrow hits you.
* * * LOW HITPOINT WARNING * * *
The hound bites you.
* * * LOW HITPOINT WARNING * * *
You see here an arrow.
The hound barely misses you.
Read which item? (? for menu, Esc to quit)
Okay, then.
The hound bites you.
You die...

............##.#.####..#...>..#
..........................P.P.#
.##.###........((......#......#
# #.#####.(#(......#.#..###
..........(...###.#.#.##
###.#####..###.# #.#.#.# #.#
#.c# ...##.).#.# ## #.#####.h##
..##...#.# #. .......@#
..##...#.# #.
....##...#...##...#.# #. ...
#...#...##...#.# #. ##
#...#...##...#.###=
#......#...........
#......#.....#.###.
#......#...........
+......#...........
#......#...........


You could see a centaur and a hound.

Vanquished Creatures
  A scorpion (D:5)
  A centaur skeleton (D:4)
  2 orc wizards (D:3)
  Ijyb (D:2)
  2 worker ants (D:5)
  A worker ant zombie (D:5)
  3 adders
  2 shadow imps (D:5)
  3 oozes
  An adder skeleton (D:5)
  5 giant geckos
  10 orcs
  3 ball pythons
  5 bats
  6 giant cockroaches
  7 goblins
  7 hobgoblins
  10 kobolds
  2 quokkas (D:3)
  3 giant newts
  5 rats (D:1)
80 creatures vanquished.

Notes
Turn   | Place    | Note
--------------------------------------------------------------
     0 | D:1      | M4edhros the Mummy Monk began the quest for the Orb.
     0 | D:1      | Reached XP level 1. HP: 18/18 MP: 1/1
   648 | D:1      | Reached XP level 2. HP: 22/24 MP: 2/2
  2864 | D:1      | Reached skill level 4 in Unarmed Combat
  2864 | D:1      | Reached XP level 3. HP: 29/29 MP: 3/3
  4899 | D:2      | Noticed Ijyb
  4919 | D:2      | Killed Ijyb
  5413 | D:2      | Found a snail-covered altar of Cheibriados.
  5718 | D:2      | Reached XP level 4. HP: 24/35 MP: 4/4
  7045 | D:3      | Reached XP level 5. HP: 8/41 MP: 5/5
  7527 | D:4      | Noticed an ogre
  7667 | D:3      | Reached skill level 5 in Unarmed Combat
  8174 | D:4      | ring of stealth, good
  8278 | D:4      | Noticed a sky beast
  8353 | D:5      | Entered Level 5 of the Dungeon
  8672 | D:5      | Noticed a sky beast
  8693 | D:5      | Found a staircase to the Ecumenical Temple.
  8718 | D:5      | Noticed a centaur
  8732 | D:5      | Reached XP level 6. HP: 20/47 MP: 6/6
  8998 | D:5      | You fall through a shaft!
  9912 | D:5      | HP: 2/47 [centaur/arrow (5)]
  9916 | D:5      | Slain by a hound

Vault maps used:
D:1:      scummos_arrival_simple_crosswalls
D:2:      cheibriados_altar_wand_db, first_bread, uniq_iyjb
D:3:      kennysheep_potato
D:4:      saegor_snake_ambush
D:5:      minmay_temple_entry_trees, uniq_prince_ribbit1
D:6:      kennysheep_mini, hangedman_decor_slide_cut

Action                   |  1- 3 |  4- 6 || total
-------------------------+-------+-------++-------
Melee: Unarmed           |   135 |   228 ||   363
  Use: Scroll            |       |     9 ||     9
 Stab: Sleeping          |     2 |     3 ||     5
       Distracted        |       |     1 ||     1
